 Dungeon Crawl Stone Soup version 0.16.1-5-gaa23807 (console) character file.

1475 mauris the Basher (level 8, -1/133 HPs)
             Began as an Ogre Berserker on Mar 28, 2015.
             Was an Elder of Trog.
             Slain by an orc
             ... wielding a +0 trident
              (3 damage)
             ... on level 5 of the Dungeon.
             The game lasted 00:08:03 (6030 turns).

mauris the Basher (Ogre Berserker)                  Turns: 6030, Time: 00:08:03

Health: -1/133     AC:  4    Str: 28    XL:     8   Next: 78%
Magic:  8/8        EV: 11    Int:  6    God:    Trog [****..]
Gold:   276        SH:  0    Dex: 11    Spells: 0 memorised, 7 levels left

rFire  . . .     SeeInvis .     t - +0 giant club
rCold  . . .     Clarity  .     b - +0 animal skin {2}
rNeg   . . .     SustAb   .     (shield restricted)
rPois  .         Gourm    .     (helmet restricted)
rElec  .         Spirit   .     r - +0 cloak
rCorr  .         Warding  .     (gloves unavailable)
rMut   .         Stasis   .     (boots unavailable)
MR     .....                    (no amulet)
Stlth  ..........               (no ring)
                                (no ring)

@: berserking, very quick, not resistant to hostile enchantments, extremely
unstealthy
A: unfitting armour, tough skin 1
a: Burn Spellbooks, Berserk, Trog's Hand, Brothers in Arms, Renounce Religion


You were on level 5 of the Dungeon.
You worshipped Trog.
Trog was greatly pleased with you.
You were very hungry.

You visited 1 branch of the dungeon, and saw 5 of its levels.

You collected 276 gold pieces.

Inventory:

Hand weapons
 a - a +1 mace
 t - a +0 giant club (weapon)
Armour
 b - a +0 animal skin (worn) {2}
 r - a +0 cloak (worn)
Magical devices
 s - a wand of digging (6) {48}
Scrolls
 d - a scroll of amnesia {unknown}
 e - a scroll of noise {unknown}
 g - a scroll of enchant weapon
 i - a scroll of recharging {unknown}
 j - a scroll of blinking {unknown}
 m - 3 scrolls of teleportation {unknown}
 n - a scroll of fear {unknown}
 p - 2 scrolls of magic mapping {unknown}
Potions
 k - a potion of agility
 l - a potion of cancellation {unknown}
 o - 2 potions of heal wounds {@q2}
 q - a potion of invisibility {unknown}
Comestibles
 c - a meat ration
 f - 2 beef jerkies
 h - 3 bread rations


   Skills:
 - Level 8.6 Fighting
 + Level 11.0 Maces & Flails
 - Level 1.5 Armour
 - Level 3.9 Dodging


You had 7 spell levels left.
You didn't know any spells.

Dungeon Overview and Level Annotations

Branches:
Dungeon (5/15)
 Temple: D:4-7

Altars:
Dithmenos
Elyvilon
Gozag


Innate Abilities, Weirdness & Mutations

You are too large for most types of armour.
You have tough skin (AC +1).


Message History

Damage: -2%(-2hp) hp: 8%(10hp)
You closely miss something.
You hear some strange, mumbled words.
The magic dart hits you!
* * * LOW HITPOINT WARNING * * *
The bat hits you.
* * * LOW HITPOINT WARNING * * *
The orc barely misses you.
Huge Dmg: -2%(-3hp) hp: 6%(7hp)
You miss something. The bat hits you but does no damage.
The bat hits you but does no damage. Something hits you.
* * * LOW HITPOINT WARNING * * *
Huge Dmg: -2%(-2hp) hp: 4%(5hp)
You closely miss something. The bat hits you.
* * * LOW HITPOINT WARNING * * *
Something hits you.
* * * LOW HITPOINT WARNING * * *
The bat barely misses you.
The orc hits you from afar with a trident.
You die...

####....................#
#############........#
#######..# #..##
########..# #.....##..##
#.#.b......# #b#.#.(.#..#
#@#)###.#..# ####
#######)#%# #.#..# ...#
.......o.%.# #.#..# ...#
........[.###.#..#######
...#
..........#......>......
...#
..........#.#.#..######.
...# .........#
#.#.<....... ...#
........# # ##########
#### <......#


You could see an orc and a bat.

Vanquished Creatures
  The ghost of Zigurun the Cudgeler, an experienced GrFi of Qazlal (D:5)
  Menkaure (D:4)
  2 ogres
  A phantom (D:3)
  2 scorpions
  The ghost of puimuR the Chopper, a weakling DsSk (D:3)
  A crimson imp (D:5)
  A centaur zombie (D:5)
  A giant frog skeleton (D:4)
  Crazy Yiuf (D:4)
  2 orc priests (D:4)
  3 hounds
  2 orc wizards
  2 iguanas
  2 worker ants (D:5)
  A worker ant zombie (D:5)
  8 adders
  A worm (D:2)
  2 adder skeletons (D:3)
  4 giant geckos
  2 oozes (D:1)
  17 orcs
  8 bats
  A bat zombie (D:3)
  13 goblins
  11 hobgoblins
  6 jackals
  A quokka (D:3)
  3 giant cockroaches
  A giant cockroach zombie (D:3)
  4 giant newts
  A jackal skeleton (D:5)
  A jackal zombie (D:3)
  11 kobolds
  14 rats
133 creatures vanquished.

Notes
Turn   | Place    | Note
--------------------------------------------------------------
     0 | D:1      | mauris, the Ogre Berserker, began the quest for the Orb.
     0 | D:1      | Reached XP level 1. HP: 24/24 MP: 1/1
    91 | D:1      | Huge Dmg: 5 dmg
    94 | D:1      | Huge Dmg: 4 dmg
    99 | D:1      | Huge Dmg: 3 dmg
   101 | D:1      | Huge Dmg: 2 dmg
   371 | D:1      | Reached XP level 2. HP: 21/33 MP: 2/2
   812 | D:1      | Reached XP level 3. HP: 41/41 MP: 3/3
   942 | D:2      | Found an opulent altar of Gozag.
   966 | D:2      | Reached skill level 5 in Fighting
  1182 | D:2      | Acquired Trog's second power
  1182 | D:2      | Reached skill level 5 in Maces & Flails
  1223 | D:2      | Huge Dmg: 8 dmg
  1226 | D:2      | Huge Dmg: 5 dmg
  1229 | D:2      | Huge Dmg: 6 dmg
  1231 | D:2      | Huge Dmg: 2 dmg
  1231 | D:2      | Reached XP level 4. HP: 8/50 MP: 4/4
  2053 | D:2      | Found a white marble altar of Elyvilon.
  2366 | D:3      | Noticed puimuR's ghost (weakling DsSk)
  2376 | D:3      | Killed puimuR's ghost
  2376 | D:3      | Reached skill level 6 in Fighting
  2376 | D:3      | Reached XP level 5. HP: 59/59 MP: 5/5
  2382 | D:3      | Huge Dmg: 22 dmg
  2435 | D:3      | Noticed a phantom
  2479 | D:3      | Huge Dmg: 8 dmg
  2617 | D:3      | Huge Dmg: 7 dmg
  2621 | D:3      | Killed a phantom
  2621 | D:3      | Reached XP level 6. HP: 18/68 MP: 6/6
  3195 | D:4      | Reached skill level 7 in Fighting
  3210 | D:4      | Huge Dmg: 32 dmg
  3266 | D:4      | Huge Dmg: 18 dmg
  3269 | D:4      | Huge Dmg: 13 dmg
  3270 | D:4      | Huge Dmg: 24 dmg
  3272 | D:4      | Huge Dmg: 20 dmg
  3274 | D:4      | Huge Dmg: 6 dmg
  3613 | D:4      | Huge Dmg: 12 dmg
  3617 | D:4      | Huge Dmg: 14 dmg
  3876 | D:4      | Reached XP level 7. HP: 79/79 MP: 7/7
  3882 | D:4      | Huge Dmg: 30 dmg
  3953 | D:4      | Reached skill level 8 in Fighting
  4165 | D:4      | Noticed Crazy Yiuf
  4173 | D:4      | Killed Crazy Yiuf
  4469 | D:4      | Noticed Menkaure
  4473 | D:4      | Huge Dmg: 39 dmg
  4475 | D:4      | Huge Dmg: 13 dmg
  4476 | D:4      | Killed Menkaure
  4481 | D:4      | Huge Dmg: 14 dmg
  5037 | D:5      | Entered Level 5 of the Dungeon
  5072 | D:5      | Huge Dmg: 36 dmg
  5155 | D:5      | Huge Dmg: 36 dmg
  5157 | D:5      | Huge Dmg: 12 dmg
  5158 | D:5      | Huge Dmg: 9 dmg
  5168 | D:5      | Acquired Trog's third power
  5168 | D:5      | Reached skill level 9 in Maces & Flails
  5410 | D:5      | Noticed Zigurun's ghost (experienced GrFi)
  5418 | D:5      | Killed Zigurun's ghost
  5418 | D:5      | Reached XP level 8. HP: 89/89 MP: 8/8
  5423 | D:5      | Huge Dmg: 38 dmg
  5502 | D:5      | Found a shadowy altar of Dithmenos.
  5637 | D:5      | Reached skill level 10 in Maces & Flails
  6007 | D:5      | Reached skill level 11 in Maces & Flails
  6022 | D:5      | Huge Dmg: 18 dmg
  6027 | D:5      | Huge Dmg: 6 dmg
  6029 | D:5      | Huge Dmg: 3 dmg
  6029 | D:5      | HP: 5/133 [something (2)]
  6030 | D:5      | Huge Dmg: 2 dmg
  6030 | D:5      | HP: 2/133 [something (2)]
  6030 | D:5      | Slain by an orc

Action                   |  1- 3 |  4- 6 |  7- 9 || total
-------------------------+-------+-------+-------++-------
Melee: Mace              |   118 |   185 |    64 ||   367
       Giant club        |       |       |   115 ||   115
Invok: Berserk           |       |     3 |     5 ||     8
       Burn Spellbooks   |       |       |     1 ||     1
  Use: Potion            |     1 |     3 |     1 ||     5
       Scroll            |       |     5 |     1 ||     6
  Eat: Chunk             |     1 |    10 |     7 ||    18
       Meat ration       |       |       |     1 ||     1

Vault maps used:
D:1:      dpeg_arrival_snail
D:2:      mumra_celtic_spiral_tile,
          nicolae_gozag_cash_rules_everything_around_me, elyvilon_altar_3
D:3:      first_bread, serial_undead, serial_undead_a, serial_undead_e,
          serial_undead_f, serial_undead_b, serial_undead_e, serial_undead_e
D:4:      uniq_menkaure, uniq_crazy_yiuf_cottage
D:5:      minivault_4, nicolae_dithmenos_shadow_blocks
